 Dungeon Crawl Stone Soup version 0.21-a0-509-gecc5317 (webtiles) character file.

128 kae the Ruffian (level 4, -2/45 HPs)
             Began as a Troll Monk on Nov 27, 2017.
             Slain by Grinder (6 damage)
             ... on level 3 of the Dungeon on Nov 29, 2017.
             The game lasted 00:04:08 (1547 turns).

kae the Ruffian (Troll Monk)                        Turns: 1547, Time: 00:04:09

Health: -2/45      AC:  5    Str: 19    XL:     4   Next: 86%
Magic:  3/3        EV: 16    Int:  6    God:
Gold:   190        SH:  0    Dex: 18    Spells: 3/3 levels left

rFire    . . .     SeeInvis .     - Unarmed
rCold    . . .     Gourm    +   (no shield)
rNeg     . . .     Faith    .   a - +0 robe
rPois    .         Spirit   .   (helmet restricted)
rElec    .         Reflect  .   (no cloak)
rCorr    .         Harm     .   (gloves unavailable)
MR       .....                  (boots unavailable)
Stlth    +++.......             (no amulet)
HPRegen  0.55/turn              (no ring)
MPRegen  0.08/turn              (no ring)

@: agile
A: large, unfitting armour, claws 3, fast metabolism 3, gourmand, regeneration
1, shaggy fur 1, tough skin 2
a: no special abilities


You were on level 3 of the Dungeon.
You were very full.

You visited 1 branch of the dungeon, and saw 3 of its levels.

You collected 190 gold pieces.

Inventory:

Armour
 a - a +0 robe (worn)
Jewellery
 i - an uncursed ring of flight {unknown}
Scrolls
 k - a scroll of teleportation
Potions
 e - 2 potions of cancellation
 f - a potion of agility
Books
 m - a book of Misfortune

   Spells                             Type                      Level
   a - Confusing Touch                Hexes                        1
   b - Confuse                        Hexes                        3
   c - Gell's Gravitas                Translocation                3
   d - Petrify                        Transmutation/Earth          4
   e - Metabolic Englaciation         Hexes/Ice                    5
   f - Yara's Violent Unravelling     Hexes/Transmutation          5
Comestibles
 b - 2 bread rations
 d - a royal jelly
 h - 2 fruits
 j - 2 meat rations


   Skills:
 + Level 3.1 Fighting
 + Level 3.1 Dodging
 - Level 1.2 Stealth
 * Level 4.2 Unarmed Combat


You had 3 spell levels left.
You didn't know any spells.

Dungeon Overview and Level Annotations

Branches:
Dungeon (3/15)

Altars:
Xom
Zin

Annotations:
D:3 Grinder


Innate Abilities, Weirdness & Mutations

You are too large for most types of armour.
You have claws for hands.
Your metabolism is lightning-fast.
You like to eat raw meat.
Your natural rate of healing is unusually fast.
You are covered in fur. (AC +1)
You have very tough skin. (AC +2)


Message History

You claw Grinder!
Grinder is almost dead.
Grinder hits you but does no damage.
You barely miss Grinder.
Grinder is almost dead.
Grinder gestures at you.
You suddenly lose the ability to move!
Grinder gestures at you.
You shrug off the repeated paralysis!
You can move again.
Unknown command.
Unknown command.
Unknown command.
Okay, then.
You scratch Grinder.
Grinder is almost dead.
Grinder hits you.
* * * LOW HITPOINT WARNING * * *
You writhe in agony.
You die...

#.##...##.# #.##.....#####.#
#.#.....#.# #.##...#.......#
#.#.....#.######........#######
##.#.....#......#........#
#..##...##..###.#...)....#
#..###.###..###.#......>## ##
#..........#.##.#.##....# #.
#.##.####..##..5..#####.#######.
#........#####.@#..........(....
###..####.###.#.#.#####.#######.
#..# ##.#.##.#.# #.# #.. #..#
##.###.#.# #.# #..
####..########...#.# #.######..
............5......# #.........
####.#######.<.....# ########..
#.?.....# #......... #..
...._....# #.......#. .####..


You could see Grinder.

Vanquished Creatures
  A worker ant (D:3)
  2 adders (D:2)
  3 oozes
  3 dart slugs
  3 leopard geckos
  2 orcs
  A bat (D:1)
  5 giant cockroaches
  7 hobgoblins
  3 jackals (D:1)
  6 kobolds
  3 frilled lizards
  10 goblins
  10 rats
59 creatures vanquished.

Notes
Turn   | Place    | Note
-------+----------+-------------------------------------------
     0 | D:1      | kae the Troll Monk began the quest for the Orb.
     0 | D:1      | Reached XP level 1. HP: 22/22 MP: 0/0
    35 | D:1      | You fall through a shaft!
    73 | D:2      | Reached XP level 2. HP: 29/29 MP: 1/1
   310 | D:2      | Upgraded the game from 0.21-a0-507-ga8f6b7a to 0.21-a0-509-gecc5317
   417 | D:2      | Reached XP level 3. HP: 22/36 MP: 2/2
   718 | D:3      | Reached XP level 4. HP: 44/44 MP: 3/3
   916 | D:3      | Found a glowing silver altar of Zin.
   920 | D:3      | Noticed an angel
   920 | D:3      | Noticed Grinder
   922 | D:3      | Found a shimmering altar of Xom.
  1003 | D:1      | Reached skill level 4 in Unarmed Combat
  1545 | D:3      | Paralysed by Grinder for 2 turns
  1547 | D:3      | Slain by Grinder

Vault maps used:
D:1:      shiori_arrival_maze, minmay_tromino_v2
D:2:      grunt_ministairs_14, hangedman_decor_push
D:3:      grunt_temple_overflow_order_and_chaos_1,
          grunt_temple_overflow_holy_war, minmay_misc_feat_enclosed,
          uniq_grinder

Skill      XL: |  1  2  3  4 |
---------------+-------------+-----
Fighting       | 3 |  3.1
Dodging        | 3 |  3.1
Unarmed Combat | 4 |  4.2
Stealth        | |  1.2

Action                   |  1- 3 |  4- 6 || total
-------------------------+-------+-------++-------
Melee: Unarmed           |    50 |   102 ||   152
       Punch             |     1 |     2 ||     3
  Use: Potion            |       |     5 ||     5
       Scroll            |       |     4 ||     4
 Stab: Sleeping          |     3 |     3 ||     6
  Eat: Chunk             |     6 |    13 ||    19
Armor: Robe              |     8 |    28 ||    36
Dodge: Dodged            |    29 |    55 ||    84

Table legend:
 A = Spawn XP
 B = Non-spawn XP
 C = Spawn XP percentage of total XP
 D = Spawn monster count
 E = Non-spawn monster count
 F = Spawn count percentage of total count
 G = Total turns spent on level
                    A         B        C        D         E        F      G
               +---------+---------+-------+---------+---------+-------+---------
         Total |       0 |     183 |   0.0 |       0 |      59 |   0.0 |  1547
               +---------+---------+-------+---------+---------+-------+---------
           D:1 |       0 |      73 |   0.0 |       0 |      35 |   0.0 |   557
           D:2 |       0 |      56 |   0.0 |       0 |      13 |   0.0 |   641
           D:3 |       0 |      54 |   0.0 |       0 |      11 |   0.0 |   349
               +---------+---------+-------+---------+---------+-------+---------
